 Dungeon Crawl Stone Soup version 0.31-a0-879-g1609e0ac53 (webtiles) character file.

Game seed: 9380695453955358616

51 mortress the Stinger (level 3, -2/25 HPs)
             Began as a Demonspawn Venom Mage on Oct 14, 2023.
             Slain by an adder (4 damage)
             ... on level 2 of the Dungeon.
             The game lasted 00:03:55 (1456 turns).

mortress the Stinger (Demonspawn Venom Mage)        Turns: 1456, Time: 00:03:57

Health: -2/25      AC:  2    Str:  8    XL:     3   Next: 58%
Magic:  0/6        EV: 12    Int: 18    God:
Gold:   111        SH:  0    Dex: 13    Spells: 3/6 levels left

rFire   . . .        j - +2 flail (protect)
rCold   . . .        (no shield)
rNeg    . . .        a - +0 robe
rPois   .            (no helmet)
rElec   .            (no cloak)
rCorr   .            (no gloves)
SInv    .            (no boots)
Will    .....        (no amulet)
Stlth   ++           (no ring)
HPRegen 0.24/turn    (no ring)
MPRegen 0.10/turn

%: no passive effects
@: lethally poisoned (-2 -> -11)
A: powered by death 1
a: no special abilities


You were on level 2 of the Dungeon.
You visited 1 branch of the dungeon, and saw 2 of its levels.

You collected 111 gold pieces.

Inventory:

Hand Weapons
 j - a +2 flail of protection (weapon)
Armour
 a - a +0 robe (worn)
Jewellery
 h - an amulet of faith
 i - a ring of resist corrosion
Scrolls
 c - a scroll of vulnerability {unknown}
 d - a scroll of enchant armour {unknown}
 g - 2 scrolls of identify {unknown}
 k - a scroll of immolation {unknown}
Potions
 b - a potion of magic
 e - a potion of degeneration {unknown}
 f - a potion of curing {unknown}


   Skills:
 + Level 0.7 Fighting
 + Level 2.1 Dodging
 + Level 2.2 Stealth
 + Level 2.3 Spellcasting
 + Level 1.4 Transmutations
 + Level 0.3 Air Magic
 + Level 3.2 Poison Magic


You had 3 spell levels left.
You knew the following spells:

 Your Spells              Type           Power      Damage    Failure   Level
a - Sting                 Tmut/Pois      40%        1d5       7%          1
b - Poisonous Vapours     Pois/Air       16%        N/A       12%         2

Your spell library contained the following spells:

 Spells                   Type           Power      Damage    Failure   Level
 Mephitic Cloud           Conj/Pois/Air  6%         N/A       32%         3
 Olgreb's Toxic Radiance  Pois           13%        N/A       41%         4


Dungeon Overview and Level Annotations

Branches:
Dungeon (2/15)

Altars:


Innate Abilities, Weirdness & Mutations

You regenerate a little health from kills.


Message History

You barely miss the adder.
The adder is heavily wounded.
The adder completely misses you. The adder barely misses you.
You miss the adder.
The adder is heavily wounded.
The adder barely misses you.
You closely miss the adder.
The adder is heavily wounded.
The adder bites you. The adder misses you.
You barely miss the adder.
The adder is heavily wounded.
The adder misses you. The adder bites you.
You closely miss the adder.
The adder is heavily wounded.
The adder bites you. The adder misses you.
You barely miss the adder.
The adder is heavily wounded.
The adder bites you. x2
You are poisoned.
The adder poisons you!
Casting: Poisonous Vapours (safe; 12% risk of failure)
Confirm with . or Enter, or press ? or * to list all spells.
Aiming: Sting (safe; 7% risk of failure)
Press: ? - help, Shift-Dir - straight line, f/p - adder
Aim: an adder (heavily wounded, 53% to hit)
The sting hits the adder.
The adder is poisoned.
The adder is almost dead.
You feel sick. The adder bites you.
* * * LOW HITPOINT WARNING * * *
You are lethally poisoned!
The adder poisons you!
Okay, then.
You miss the adder.
The adder is almost dead.
* * * LOW HITPOINT WARNING * * *
You feel very sick. The adder bites you.
* * * LOW HITPOINT WARNING * * *
The adder bites you.
You die...

#.#.#####.........# #.#
#).....###### #.#
#.#.##.# #S#
#.#.##.######## #.# .
#.#..........
#.#######.#..#########
#.....................
#########S#..#.#########
#)...@.#..#.........#
#.######.####.#.###.#
#.# #.# #.#.....# #.#
#.# #.####..# #.######.#
#.# #..# #........#
#.####..## ##########
#......... #.########
###


You could see an adder (poisoned).

Vanquished Creatures
  Terence (D:2)
  3 ball pythons
  4 endoplasms (D:1)
  2 goblins
  4 hobgoblins
  2 bats
  3 frilled lizards
  4 kobolds
  2 rats (D:1)
25 creatures vanquished.

Notes
Turn   | Place    | Note
-------+----------+-------------------------------------------
     0 | D:1      | mortress the Demonspawn Venom Mage began the quest for the
                  | Orb.
     0 | D:1      | Reached XP level 1. HP: 13/13 MP: 3/3
   124 | D:1      | Reached skill level 1 in Transmutations
   301 | D:1      | Gained mutation: You regenerate a little health from kills.
                  | [demonic ancestry]
   301 | D:1      | Reached XP level 2. HP: 17/19 MP: 0/5
  1072 | D:1      | Learned a level 2 spell: Poisonous Vapours
  1165 | D:2      | Noticed Terence
  1192 | D:2      | Killed Terence
  1193 | D:2      | Reached XP level 3. HP: 10/25 MP: 0/6
  1456 | D:2      | Slain by an adder

Illustrated notes

Levels and vault maps discovered:
D:1:      sevenhm_arrival_forest_fort_large_4, layout_basic
D:2:      layout_basic, basic_altar, fountainhead, uniq_terence, uniq_sigmund

Skill      XL: |  1  2 |
---------------+-------+-----
Transmutations | 1 |  1.4
Stealth        | 2 |  2.2
Dodging        | 2 |  2.1
Fighting       | |  0.7
Spellcasting   | |  2.3
Air Magic      | |  0.3
Poison Magic   | |  3.2

Action                     || total
---------------------------++-------
  Melee: Unarmed           ||     3
         Dagger            ||    11
         Flail             ||    14
   Cast: Sting             ||    40
         Poisonous Vapours ||     6
 Armour: Robe              ||    29
  Dodge: Dodged            ||    30

Table legend: (Time is in decaauts)
 A = Elapsed time spent in this place.
 B = Non-inter-level travel time spent in this place.
 C = Inter-level travel time spent in this place.
 D = Time resting spent in this place.
 E = Time spent auto-exploring this place.
 F = Levels seen in this place.
 G = Mean time per level.
                   A        B        C        D        E       F      G
               +--------+--------+--------+--------+--------+-----+--------+
         Total |   1459 |   1424 |     35 |      0 |   1176 |   2 |  729.5 |
       Dungeon |   1459 |   1424 |     35 |      0 |   1176 |   2 |  729.5 |
               +--------+--------+--------+--------+--------+-----+--------+

Top non-repeatable levels by time:
     D:1: 1106 daAuts
     D:2: 353 daAuts
